 Dungeon Crawl Stone Soup version 0.29.1-15-g9cfb28693d (webtiles) character file.

Game seed: 8959567726146547275

86 Tboneapple the Firebug (level 4, -3/41 HPs)
             Began as an Ogre Fire Elementalist on Apr 4, 2023.
             Was an Initiate of Ru.
             Killed by divine providence
             ... invoked by an orc priest
              (10 damage)
             ... on level 3 of the Dungeon on Apr 5, 2023.
             The game lasted 00:34:13 (2770 turns).

Tboneapple the Firebug (Ogre Fire Elementalist)     Turns: 2770, Time: 00:34:14

Health: -3/41      AC:  8    Str: 12    XL:     4   Next: 49%
Magic:  8/8        EV:  8    Int: 18    God:    Ru [......]
Gold:   96         SH:  7    Dex:  9    Spells: 3/9 levels left

rFire   . . .      SeeInvis .   g - +0 whip (elec)
rCold   . . .      Faith    .   h - +2 kite shield
rNeg    . . .      Spirit   .   a - +1 robe
rPois   .          Reflect  .   (helmet restricted)
rElec   .          Harm     .   (no cloak)
rCorr   .          Rampage  .   (gloves unavailable)
Will    .....                   (boots unavailable)
Stlth   ..........              e - amulet of magic regeneration
HPRegen 0.13/turn               d - +4 ring of protection
MPRegen 0.51/turn               (no ring)

@: invisible
A: large, unfitting armour, tough skin 1, no stealth
a: Renounce Religion


You were on level 3 of the Dungeon.
You worshipped Ru.
Ru was noncommittal.
You visited 1 branch of the dungeon, and saw 3 of its levels.

You collected 96 gold pieces.

Inventory:

Hand Weapons
 g - a +0 whip of electrocution (weapon)
Armour
 a - a +1 robe (worn)
 h - a +2 kite shield (worn)
Jewellery
 d - a +4 ring of protection (left hand)
 e - an amulet of magic regeneration (around neck)
Scrolls
 c - a scroll of identify
 k - a scroll of amnesia {unknown}
Potions
 b - a potion of magic
 j - a potion of might {unknown}


   Skills:
 + Level 1.0 Fighting
 + Level 0.3 Maces & Flails
 + Level 2.3 Dodging
 + Level 3.2 Spellcasting
 + Level 1.2 Conjurations
 + Level 3.4 Fire Magic


You had 3 spell levels left.
You knew the following spells:

 Your Spells              Type           Power      Damage    Failure   Level
a - Foxfire               Conj/Fire      44%        2x1d6     16%         1
b - Scorch                Fire           30%        2d7       16%         2
c - Conjure Flame         Conj/Fire      11%        6-21      43%         3

Your spell library contained the following spells:

 Spells                   Type           Power      Damage    Failure   Level
 Inner Flame              Hex/Fire       9%         N/A       54%         3
 Ozocubu's Armour         Ice            2%         N/A       78%         3
 Flame Wave               Conj/Fire      11%        2d6       85%         4
 Ozocubu's Refrigeration  Ice            1%         4d7       100%        7


Dungeon Overview and Level Annotations

Branches:
Dungeon (3/15)

Altars:
Ru


Innate Abilities, Weirdness & Mutations

You are too large for most types of armour.
You have tough skin. (AC +1)
You cannot be stealthy.


Message History

Flames lash the orc priest but do no damage.
The orc hits you but does no damage.
The orc priest casts a cantrip, but nothing happens.
Casting: Scorch (safe; 16% risk of failure)
Confirm with . or Enter, or press ? or * to list all spells.
Flames lash the orc.
The orc is heavily wounded.
The orc's fire resistance burns away.
The orc priest is no longer more vulnerable to fire.
The orc priest mumbles some strange prayers to Beogh against you.
Pain shoots through your body!
* * * LOW HITPOINT WARNING * * *
You block the orc's attack.
You are too injured to fight recklessly!
You fade into invisibility!
The orc hits you with a +0 falchion!
* * * LOW HITPOINT WARNING * * *
The orc priest barely misses you.
An orc comes into view. It is wielding a +0 hand axe.
The orc shouts!
You hear a shout!
The orc is no longer more vulnerable to fire.
The orc priest calls upon Beogh to heal the orc.
The orc's wounds heal themselves!
An orc priest comes into view. It is wielding a +0 club.
An orc priest comes into view. It is wielding a +0 trident.
Found 7 gold pieces.
A ball python comes into view.
The orc priest hits you but does no damage.
An orc comes into view. It is wielding a +0 club.
The ball python hisses angrily.
The orc priest mumbles some strange prayers to Beogh against the ball python.
The ball python writhes in agony!
The ball python dies!
The orc priest calls upon Beogh to heal something.
The orc priest mumbles some strange prayers to Beogh against something.
The orc priest mumbles some strange prayers to Beogh against you.
There is a stone staircase leading up here.
The orc priest mumbles some strange prayers to Beogh against you.
Beogh smites you!
You die...

#.. ....o##o#....#....
#.##########.##.##.#.#..#.)..
#####.........#...#.##.#.#..#....
............#.#.#.#.##.#.#..#†)..
..........#.#.#.....##.#.#.......
............#...#o#..o.#.#.#####.
..(.........#.......o..#.#.......
........))....>..o...#.#.########
.......##.#.#...@#...#.#.#
#####.#.#.#.#..##....#.#.#
#.#.#.#.#............#
#.#..<#.##.##....#.### ##
#.#####.##.##..#.#.# #.
#.......##.##.>#.#.# #.
##########.#####.#.# #.
#.......#.#########.
#########.........#.


You could see 3 orc priests and an orc (unable to see you).

Vanquished Creatures
  3 adders
  A worm (D:2)
  A dart slug (D:1)
  3 orcs (D:3)
  6 ball pythons
  3 bats
  2 endoplasms
  4 giant cockroaches
  4 goblins
  3 hobgoblins
  4 jackals (D:1)
  4 kobolds
  A quokka (D:3)
  2 frilled lizards (D:1)
  4 rats
45 creatures vanquished.

Vanquished Creatures (others)
  A ball python (D:3)
  25 foxfires
26 creatures vanquished.

Grand Total: 71 creatures vanquished

Notes
Turn   | Place    | Note
-------+----------+-------------------------------------------
     0 | D:1      | Tboneapple the Ogre Fire Elementalist began the quest for
                  | the Orb.
     0 | D:1      | Reached XP level 1. HP: 16/16 MP: 3/3
   526 | D:1      | Reached XP level 2. HP: 25/26 MP: 5/5
   906 | D:1      | Learned a level 2 spell: Scorch
   938 | D:1      | Found a faded altar of an unknown god.
   943 | D:1      | Prayed at the altar of an unknown god.
   943 | D:1      | Became a worshipper of Ru the Awakened
   951 | D:1      | Gained mutation: You cannot be stealthy. [Ru sacrifice]
  1077 | D:1      | Reached skill level 1 in Fighting
  1115 | D:1      | Reached XP level 3. HP: 32/33 MP: 0/6
  1559 | D:2      | Reached skill level 1 in Conjurations
  1656 | D:2      | Learned a level 3 spell: Conjure Flame
  2000 | D:2      | Reached XP level 4. HP: 41/41 MP: 3/8
  2770 | D:3      | Killed from afar by an orc priest

Illustrated notes

Levels and vault maps discovered:
D:1:      erik_arrival_triangle_large, layout_loops_ring, basic_ecumenical_altar
D:2:      layout_loops_ring, hex_tiny, minmay_misc_feat_x, minmay_heptomino_o4
D:3:      layout_basic, mainiacjoe_overflow_small_starburst, item_on_display_a

Skill      XL: |  1  2  3  4 |
---------------+-------------+-----
Fire Magic     | 3 |  3.4
Dodging        | 2 |  2.3
Stealth        | 0 |  0.0
Fighting       | 1 |  1.0
Conjurations   | 1 |  1.2
Spellcasting   | 3 |  3.2
Maces & Flails | |  0.3

Action                   |  1- 3 |  4- 6 || total
-------------------------+-------+-------++-------
Melee: Club              |    49 |       ||    49
       Unarmed           |     9 |       ||     9
       Punch             |     2 |       ||     2
       Whip              |    11 |     5 ||    16
 Cast: Foxfire           |    18 |     4 ||    22
       Scorch            |    15 |    17 ||    32
Invok: Sacrifice Stealth |     1 |       ||     1
  Use: Scroll            |     2 |     2 ||     4
       Potion            |     1 |     2 ||     3
 Stab: Sleeping          |     1 |       ||     1
Armor: Robe              |    78 |    15 ||    93
Dodge: Dodged            |    59 |    11 ||    70
Block: Kite shield       |       |    19 ||    19
